[Event "FIDE Grand Swiss 2023"]
[Site "Villa Marina, Douglas, Isle of Man"]
[Date "2023.11.04"]
[Round "10.15"]
[White "Yakubboev, Nodirbek"]
[Black "Bacrot, Etienne"]
[Result "1/2-1/2"]
[WhiteElo "2616"]
[BlackElo "2669"]
[EventDate "2023.10.25"]
[ECO "D20"]
[PlyCount "157"]
[BlackClock "00:11:17"]
[BlackFideId "605506"]
[TimeControl "40/100 + 20/50 + 15 + 30s/move"]
[WhiteClock "00:07:05"]
[WhiteFideId "14203987"]

1.d4 d5 2.c4 dxc4 3.e4 c5 4.d5 Nf6 5.Nc3 b5 6.e5 b4 7.exf6 bxc3 8.bxc3 exf6 9.Bxc4 Bd6 10.Ne2 O-O 11.Bd3 Nd7 12.Qc2 g6 13.c4 Ne5 14.O-O Re8 15.Ng3 f5 16.Be2 Rb8 17.f4 Nd7 18.Bd3 Qh4 19.Ne2 Nf6 20.h3 Rb7 21.Bd2 Rbe7 22.Rae1 Nh5 23.Qc1 g5 24.fxg5 Ng3 25.Rf2 Nxe2+ 26.Rexe2 Bg3 27.Kf1 f4 28.d6 Rxe2 29.Rxe2 Rxe2 30.Bxe2 Bxh3 31.Bf3 Be6 32.Ke2 Qxg5 33.Qc3 Qf5 34.Bc1 f6 35.Bb2 Kf7 36.Qb3 Bd7 37.Bd5+ Kg6 38.Qd3 Qxd3+ 39.Kxd3 f3 40.Bxf3 Bxd6 41.Bc1 h5 42.Be3 f5 43.Bf2 Kg5 44.Be3+ f4 45.Bf2 Bf5+ 46.Kd2 Bb1 47.a3 Bf5 48.Bg1 Bg4 49.Ke2 Kf5 50.Bf2 Ke5 51.a4 Be7 52.Kd2 Kd6 53.Be1 Bf6 54.Ke2 Be5 55.Bd2 Bd7 56.Bxh5 Bxa4 57.Kd3 Ke6 58.Ba5 Bb3 59.Bf3 Kd6 60.Bd5 Ba4 61.Bf3 Be8 62.Kc2 Bg6+ 63.Kb3 Bf7 64.Bg4 Ba1 65.Bf3 Ke5 66.Ka2 Bd4 67.Kb3 Bf2 68.Bc3+ Kf5 69.Ba5 Be8 70.Ka3 Bf7 71.Kb3 Be6 72.Bc7 Bd7 73.Ba5 Bd4 74.Be1 Be5 75.Ba5 Bd6 76.Ka3 Be8 77.Kb3 Ke6 78.Be1 Kd7 79.Bd5 1/2-1/2

[Event "FIDE Grand Swiss 2023"]
[Site "Villa Marina, Douglas, Isle of Man"]
[Date "2023.11.04"]
[Round "10.16"]
[White "Bartel, Mateusz"]
[Black "Firouzja, Alireza"]
[Result "1/2-1/2"]
[WhiteElo "2651"]
[BlackElo "2777"]
[EventDate "2023.10.25"]
[ECO "B90"]
[PlyCount "124"]
[BlackClock "00:04:17"]
[BlackFideId "12573981"]
[TimeControl "40/100 + 20/50 + 15 + 30s/move"]
[WhiteClock "00:38:13"]
[WhiteFideId "1112635"]

1.e4 c5 2.Nf3 d6 3.d4 cxd4 4.Nxd4 Nf6 5.Nc3 a6 6.Qd3 Nbd7 7.Be2 Nc5 8.Qe3 e5 9.Nb3 Ne6 10.Bd2 Be7 11.O-O-O b5 12.g3 Bb7 13.f4 Rc8 14.Nd5 Bxd5 15.exd5 Nxd5 16.Qf3 Qc7 17.Bd3 Nf6 18.Rhe1 O-O 19.Kb1 Rfe8 20.a3 Qb8 21.g4 Qa8 22.Qh3 e4 23.Bf1 Nd5 24.Rxe4 Nf6 25.Rxe6 fxe6 26.g5 Ne4 27.Qxe6+ Kh8 28.Bd3 Nf2 29.Qe2 Nxd3 30.Qxd3 Bf8 31.Bc3 Qe4 32.f5 Qxd3 33.Rxd3 Kg8 34.Nd4 Rc5 35.Rf3 Rc7 36.h4 Rf7 37.h5 g6 38.f6 gxh5 39.Nf5 Re4 40.Rh3 Rf4 41.Nd4 h4 42.Nf3 Rg4 43.Rxh4 Rxh4 44.Nxh4 Rc7 45.Bd4 Kf7 46.c3 Rc8 47.Kc2 Re8 48.Kd3 d5 49.Be3 Re4 50.Nf3 Kg6 51.a4 bxa4 52.c4 Rxe3+ 53.Kxe3 dxc4 54.Kd4 a3 55.bxa3 Bxa3 56.Kxc4 Kf5 57.Kb3 Bf8 58.Ka4 Kf4 59.g6 hxg6 60.Nh4 g5 61.Ng6+ Kf5 62.Nxf8 Kxf6 1/2-1/2

[Event "FIDE Grand Swiss 2023"]
[Site "Villa Marina, Douglas, Isle of Man"]
[Date "2023.11.04"]
[Round "10.17"]
[White "Yu, Yangyi"]
[Black "Kuybokarov, Temur"]
[Result "1/2-1/2"]
[WhiteElo "2720"]
[BlackElo "2584"]
[EventDate "2023.10.25"]
[ECO "E60"]
[PlyCount "129"]
[BlackFideId "14203049"]
[TimeControl "40/100 + 20/50 + 15 + 30s/move"]
[WhiteFideId "8603820"]

1.d4 Nf6 2.c4 g6 3.Nf3 Bg7 4.e3 O-O 5.h3 b6 6.Be2 Bb7 7.O-O e6 8.b4 d5 9.Nbd2 Nbd7 10.Bb2 c5 11.dxc5 bxc5 12.b5 a6 13.a4 axb5 14.axb5 Ne8 15.Qc2 Nd6 16.Rxa8 Bxa8 17.Bxg7 Kxg7 18.Ra1 Bb7 19.cxd5 exd5 20.Nb3 Qb6 21.Na5 Ra8 22.Qb2+ f6 23.Nxb7 Qxb7 24.Ng5 Rxa1+ 25.Qxa1 Nf8 26.Qa6 Qxa6 27.bxa6 Nc8 28.Nf3 Kf7 29.Nd2 Ne6 30.e4 Nd4 31.Kf1 c4 32.Nb1 dxe4 33.Bxc4+ Ke7 34.Nc3 f5 35.Nb5 Nxb5 36.Bxb5 Kd6 37.Ke2 f4 38.Kd2 Kc7 39.Bc4 Kb6 40.Kc3 Nd6 41.Bg8 Nf5 42.Bxh7 e3 43.fxe3 Nh4 44.e4 Kxa6 45.Kd4 f3 46.gxf3 Nxf3+ 47.Ke3 Ng5 48.Bxg6 Nxh3 49.e5 Ng5 50.Bf5 Nf7 51.e6 Nd6 52.Kf4 Nc8 53.Ke5 Kb6 54.Bd3 Kc7 55.Bb5 Ne7 56.Be8 Kd8 57.Ba4 Ng6+ 58.Kf6 Ne7 59.Kf7 Nd5 60.Bc6 Ne7 61.Bb7 Nf5 62.Kf8 Ne7 63.Kf7 Nf5 64.Be4 Ne7 65.Kf8 1/2-1/2

[Event "FIDE Grand Swiss 2023"]
[Site "Villa Marina, Douglas, Isle of Man"]
[Date "2023.11.04"]
[Round "10.18"]
[White "Aravindh, Chithambaram Vr."]
[Black "Harikrishna, Pentala"]
[Result "1/2-1/2"]
[WhiteElo "2649"]
[BlackElo "2716"]
[EventDate "2023.10.25"]
[ECO "D10"]
[PlyCount "75"]
[BlackClock "00:21:17"]
[BlackFideId "5007003"]
[TimeControl "40/100 + 20/50 + 15 + 30s/move"]
[WhiteClock "01:14:30"]
[WhiteFideId "5072786"]

1.d4 d5 2.c4 c6 3.cxd5 cxd5 4.Nc3 Nc6 5.Nf3 Nf6 6.Bf4 a6 7.e3 Bg4 8.Be2 e6 9.O-O Bd6 10.Bxd6 Qxd6 11.Nd2 Bxe2 12.Qxe2 O-O 13.Rfc1 Rac8 14.Qd1 Rc7 15.Na4 Nd7 16.Rc3 Rfc8 17.Rac1 Ne7 18.Rxc7 Rxc7 19.Nb3 b6 20.Qf1 Rxc1 21.Qxc1 Qb4 22.Nc3 Qc4 23.Nd2 Qc8 24.Ne2 Kf8 25.Qxc8+ Nxc8 26.Nf4 Nd6 27.Nb1 Ke7 28.Kf1 Nc4 29.b3 Na5 30.Ke2 Nc6 31.Nc3 Kd6 32.Kd2 g5 33.Nfe2 f5 34.f3 Nf6 35.Na4 Nd7 36.Nac3 Nf6 37.Na4 Nd7 38.Nac3 1/2-1/2

[Event "FIDE Grand Swiss 2023"]
[Site "Villa Marina, Douglas, Isle of Man"]
[Date "2023.11.04"]
[Round "10.19"]
[White "Artemiev, Vladislav"]
[Black "Shirov, Alexei"]
[Result "1-0"]
[WhiteElo "2697"]
[BlackElo "2655"]
[EventDate "2023.10.25"]
[ECO "D46"]
[PlyCount "61"]
[BlackFideId "2209390"]
[TimeControl "40/100 + 20/50 + 15 + 30s/move"]
[WhiteFideId "24101605"]

1.d4 d5 2.c4 c6 3.Nf3 Nf6 4.Nc3 e6 5.e3 Nbd7 6.Qc2 Bd6 7.Bd3 O-O 8.O-O dxc4 9.Bxc4 b5 10.Be2 Bb7 11.Rd1 Qc7 12.h3 b4 13.Na4 c5 14.dxc5 Rac8 15.Qd2 Nxc5 16.Qxd6 Qxd6 17.Rxd6 Nxa4 18.Rd4 a5 19.Ne5 Rfd8 20.Rxd8+ Rxd8 21.f3 Rd5 22.Nc4 Ba6 23.Kf2 Nc5 24.e4 Nd3+ 25.Bxd3 Rxd3 26.Nxa5 Rd1 27.Nc6 Rf1+ 28.Kg3 Nh5+ 29.Kh2 Rf2 30.Nxb4 Bf1 31.Kg1 1-0

[Event "FIDE Grand Swiss 2023"]
[Site "Villa Marina, Douglas, Isle of Man"]
[Date "2023.11.04"]
[Round "10.20"]
[White "Nihal, Sarin"]
[Black "Najer, Evgeniy"]
[Result "1/2-1/2"]
[WhiteElo "2694"]
[BlackElo "2648"]
[EventDate "2023.10.25"]
[ECO "D02"]
[PlyCount "87"]
[BlackFideId "4118987"]
[TimeControl "40/100 + 20/50 + 15 + 30s/move"]
[WhiteFideId "25092340"]

1.Nf3 d5 2.d4 Nf6 3.c3 c6 4.Bf4 Bf5 5.Nh4 Be4 6.Nd2 e6 7.Qb3 b6 8.e3 Bd6 9.Bg5 Nbd7 10.Nxe4 dxe4 11.g3 O-O 12.Qc2 h6 13.Bxf6 Nxf6 14.Be2 Qc7 15.O-O c5 16.Rad1 Rab8 17.dxc5 bxc5 18.Rd2 Be5 19.Rfd1 Rb6 20.Bc4 Rfb8 21.b3 g5 22.Ng2 Kg7 23.Rf1 Rd6 24.Rxd6 Qxd6 25.Rd1 Qc7 26.Ne1 h5 27.f4 exf3 28.Nxf3 g4 29.Nxe5 Qxe5 30.Qf2 Ne4 31.Qf4 Qxf4 32.exf4 Nxc3 33.Rd7 Kf6 34.Rxa7 Rd8 35.a4 Rd1+ 36.Kg2 Rd2+ 37.Kg1 Rd1+ 38.Kg2 Nd5 39.Bxd5 exd5 40.Rc7 Rd2+ 41.Kg1 Rd1+ 42.Kf2 Rd2+ 43.Kg1 Rd1+ 44.Kf2 1/2-1/2

[Event "FIDE Grand Swiss 2023"]
[Site "Villa Marina, Douglas, Isle of Man"]
[Date "2023.11.04"]
[Round "10.21"]
[White "Tabatabaei, M. Amin"]
[Black "Narayanan.S.L"]
[Result "1/2-1/2"]
[WhiteElo "2685"]
[BlackElo "2651"]
[EventDate "2023.10.25"]
[ECO "E10"]
[PlyCount "80"]
[BlackClock "01:07:00"]
[BlackFideId "5058422"]
[TimeControl "40/100 + 20/50 + 15 + 30s/move"]
[WhiteClock "00:29:46"]
[WhiteFideId "12521213"]

1.c4 c5 2.Nf3 Nf6 3.e3 e6 4.d4 d5 5.cxd5 exd5 6.Bb5+ Nc6 7.O-O cxd4 8.exd4 Be7 9.Nc3 Bg4 10.Qa4 O-O 11.Ne5 Na5 12.Nxg4 Nxg4 13.h3 Nf6 14.Re1 a6 15.Bd3 Nc6 16.Be3 h6 17.a3 Bd6 18.Qd1 Re8 19.Qf3 Bc7 20.Na4 Ne4 21.b4 Bb6 22.Nc5 Bxc5 23.dxc5 a5 24.b5 Ne5 25.Qd1 Rc8 26.Bxe4 dxe4 27.Qxd8 Rexd8 28.Rec1 f5 29.Rc3 Kf7 30.Rb1 Rd3 31.Rxd3 Nxd3 32.c6 bxc6 33.b6 c5 34.b7 Rb8 35.Bd2 Ke7 36.Bxa5 Kd7 37.a4 Kc6 38.Rb6+ Kc7 39.Rb5+ Kc6 40.Rb6+ Kc7 1/2-1/2

[Event "FIDE Grand Swiss 2023"]
[Site "Villa Marina, Douglas, Isle of Man"]
[Date "2023.11.04"]
[Round "10.22"]
[White "Matlakov, Maxim"]
[Black "Saric, Ivan"]
[Result "1/2-1/2"]
[WhiteElo "2674"]
[BlackElo "2647"]
[EventDate "2023.10.25"]
[ECO "E00"]
[PlyCount "96"]
[BlackFideId "14508150"]
[TimeControl "40/100 + 20/50 + 15 + 30s/move"]
[WhiteFideId "4168003"]

1.d4 Nf6 2.c4 e6 3.Nf3 d5 4.g3 Bb4+ 5.Bd2 a5 6.Bg2 O-O 7.Qc1 Nbd7 8.O-O Be7 9.Rd1 c6 10.Bf4 a4 11.Qc2 h6 12.a3 Ne4 13.Nc3 Nxc3 14.Qxc3 f5 15.Ne5 g5 16.Nxd7 Bxd7 17.Be5 Qa5 18.Qd3 Bf6 19.Bxf6 Rxf6 20.b4 axb3 21.Qxb3 Ra7 22.h4 dxc4 23.Qxc4 gxh4 24.gxh4 Rg6 25.Kf1 Qc7 26.Qb3 Qh2 27.Qh3 Qxh3 28.Bxh3 b5 29.Bg2 Kf7 30.Rac1 Rxa3 31.Bxc6 Bxc6 32.Rxc6 Rh3 33.e3 f4 34.exf4 Rxh4 35.Rc5 Rh1+ 36.Ke2 Rxd1 37.Kxd1 Rf6 38.d5 exd5 39.Rxb5 d4 40.Ke2 Rxf4 41.Kd3 Kg6 42.Rd5 Rxf2 43.Rxd4 Kg5 44.Ke3 Rf6 45.Ke2 h5 46.Rd1 h4 47.Rf1 h3 48.Rxf6 ( 48.Rf3 Rf5 49.Rxf5+ {Maxim Matlakov 2674 - Ivan Saric 2647, FIDE
Grand Swiss 2023, Villa Marina, Douglas, Isle of Man, Isle Of Man (10.22),
2023.11.04} ) 48...Kxf6 1/2-1/2

[Event "FIDE Grand Swiss 2023"]
[Site "Villa Marina, Douglas, Isle of Man"]
[Date "2023.11.04"]
[Round "10.23"]
[White "Yilmaz, Mustafa"]
[Black "Shevchenko, Kirill"]
[Result "1/2-1/2"]
[WhiteElo "2640"]
[BlackElo "2671"]
[EventDate "2023.10.25"]
[ECO "D35"]
[PlyCount "60"]
[BlackClock "00:00:59"]
[BlackFideId "14129574"]
[TimeControl "40/100 + 20/50 + 15 + 30s/move"]
[WhiteClock "00:01:24"]
[WhiteFideId "6302718"]

1.d4 Nf6 2.c4 e6 3.Nf3 d5 4.Nc3 Nbd7 5.cxd5 exd5 6.Bg5 Bb4 7.Qc2 h6 8.Bh4 g5 9.Bg3 Ne4 10.Nd2 Nxg3 11.hxg3 c6 12.a3 Be7 13.e4 Nb6 14.O-O-O Be6 15.e5 Qd7 16.Bd3 O-O-O 17.f4 Bg4 18.Rde1 gxf4 19.gxf4 Kb8 20.Kb1 Nc4 21.Nf1 h5 22.Nh2 Rhg8 23.Rhf1 Qc8 24.Nxg4 Qxg4 25.Re2 Qg3 26.Rf3 Qh2 27.Ka2 Qg1 28.Ref2 Bh4 29.Ne2 Qxf2 30.Rxf2 Ne3 1/2-1/2

[Event "FIDE Grand Swiss 2023"]
[Site "Villa Marina, Douglas, Isle of Man"]
[Date "2023.11.04"]
[Round "10.25"]
[White "Van Foreest, Jorden"]
[Black "Sargsyan, Shant"]
[Result "0-1"]
[WhiteElo "2707"]
[BlackElo "2631"]
[EventDate "2023.10.25"]
[ECO "C84"]
[PlyCount "108"]
[BlackClock "00:27:32"]
[BlackFideId "13306766"]
[TimeControl "40/100 + 20/50 + 15 + 30s/move"]
[WhiteClock "00:19:41"]
[WhiteFideId "1039784"]

1.e4 e5 2.Nf3 Nc6 3.Bb5 a6 4.Ba4 Nf6 5.O-O Be7 6.d3 b5 7.Bb3 d6 8.Bd2 Bg4 9.c3 Na5 10.Bc2 c5 11.h3 Bh5 12.Re1 Qc7 13.Bc1 Rd8 14.Nbd2 O-O 15.Qe2 Rfe8 16.g4 Bg6 17.a4 Nc6 18.Nh4 d5 19.g5 Nh5 20.exd5 Nf4 21.Qf1 Nxd5 22.Nxg6 hxg6 23.axb5 axb5 24.Nf3 Bf8 25.Re4 Ra8 26.Bd2 Rxa1 27.Qxa1 Nde7 28.Bb3 Nf5 29.Bd5 Nd6 30.Re2 Ne7 31.Bb3 c4 32.Bc2 cxd3 33.Bxd3 e4 34.Bxe4 Qc4 35.Qe1 Nef5 36.b3 Qxb3 37.Bc6 Rc8 38.Ne5 f6 39.gxf6 gxf6 40.Bd7 fxe5 41.Rxe5 Rc4 42.Be6+ Kh7 43.Rc5 Qa3 44.Rxc4 Nxc4 45.Bxf5 gxf5 46.Qe6 Qd6 47.Qf7+ Bg7 48.Qh5+ Kg8 49.Qe8+ Bf8 50.Bg5 Ne5 51.h4 Qd1+ 52.Kh2 Qd7 53.Qa8 Qc6 54.Qd8 Qd6 0-1

[Event "FIDE Grand Swiss 2023"]
[Site "Villa Marina, Douglas, Isle of Man"]
[Date "2023.11.04"]
[Round "10.26"]
[White "Aryan, Chopra"]
[Black "Shankland, Sam"]
[Result "1/2-1/2"]
[WhiteElo "2634"]
[BlackElo "2698"]
[EventDate "2023.10.25"]
[ECO "B12"]
[PlyCount "36"]
[BlackFideId "2004887"]
[TimeControl "40/100 + 20/50 + 15 + 30s/move"]
[WhiteFideId "5084423"]

1.e4 c6 2.d4 d5 3.e5 Bf5 4.Nd2 e6 5.Nb3 Nd7 6.Nf3 Qc7 7.Be2 c5 8.O-O c4 9.Nbd2 h6 10.c3 Ne7 11.b3 cxb3 12.Qxb3 Nc6 13.Ba3 Bxa3 14.Qxa3 Qa5 15.Qb2 Qb6 16.Qa3 Qa5 17.Qb2 Qb6 18.Qa3 Qa5 1/2-1/2

[Event "FIDE Grand Swiss 2023"]
[Site "Villa Marina, Douglas, Isle of Man"]
[Date "2023.11.04"]
[Round "10.27"]
[White "Navara, David"]
[Black "Gledura, Benjamin"]
[Result "1/2-1/2"]
[WhiteElo "2689"]
[BlackElo "2633"]
[EventDate "2023.10.25"]
[ECO "B90"]
[PlyCount "62"]
[BlackClock "00:45:20"]
[BlackFideId "712779"]
[TimeControl "40/100 + 20/50 + 15 + 30s/move"]
[WhiteClock "01:06:51"]
[WhiteFideId "309095"]

1.e4 c5 2.Nf3 d6 3.d4 cxd4 4.Nxd4 Nf6 5.Nc3 a6 6.h3 e6 7.g4 d5 8.Nde2 Bc5 9.exd5 Qb6 10.Be3 Bxe3 11.fxe3 Qxb2 12.Rb1 Qa3 13.Rb3 Qa5 14.Bg2 Nxd5 15.Bxd5 exd5 16.Qxd5 Nc6 17.Qe4+ Qe5 18.Qxe5+ Nxe5 19.Nd5 O-O 20.Nb6 Be6 21.Nxa8 Bxb3 22.axb3 Rxa8 23.Nd4 Kf8 24.Ke2 g6 25.Ra1 b6 26.Nf3 Nxf3 27.Kxf3 a5 28.c4 Ke7 29.Rd1 a4 30.bxa4 Rxa4 31.Rb1 Rxc4 1/2-1/2

[Event "FIDE Grand Swiss 2023"]
[Site "Villa Marina, Douglas, Isle of Man"]
[Date "2023.11.04"]
[Round "10.28"]
[White "Sargissian, Gabriel"]
[Black "Svane, Frederik"]
[Result "1/2-1/2"]
[WhiteElo "2686"]
[BlackElo "2626"]
[EventDate "2023.10.25"]
[ECO "D35"]
[PlyCount "152"]
[BlackFideId "12923044"]
[TimeControl "40/100 + 20/50 + 15 + 30s/move"]
[WhiteFideId "13300881"]

1.d4 Nf6 2.c4 e6 3.Nf3 d5 4.Nc3 Nbd7 5.cxd5 exd5 6.Bg5 Bb4 7.e3 h6 8.Bh4 g5 9.Bg3 Ne4 10.Nd2 Nxg3 11.hxg3 c6 12.Bd3 Nb6 13.Qc2 Be6 14.a3 Be7 15.O-O-O Qd7 16.Nb3 Qc7 17.Kb1 O-O-O 18.Nc5 Kb8 19.N3a4 Bc8 20.Bf5 h5 21.Nxb6 axb6 22.Na4 b5 23.Nc5 b6 24.Nb3 Bxf5 25.Qxf5 Qd7 26.Qxd7 Rxd7 27.Nc1 c5 28.Ne2 Kb7 29.g4 h4 30.Rh3 Rh6 31.Ng3 Rc6 32.Nf5 Bf6 33.g3 hxg3 34.Rxg3 Ka6 35.Rh3 Ka5 36.Rh6 Re6 37.Rc1 b4 38.dxc5 bxa3 39.c6 Rc7 40.bxa3 Ka4 41.f4 b5 42.fxg5 Bxg5 43.Rxe6 fxe6 44.Nd4 Bxe3 45.Nxe6 Rc8 46.Rc2 Kb3 47.c7 d4 48.Rc6 d3 49.Rd6 Kc3 50.g5 d2 51.g6 Bb6 52.g7 Rg8 53.Rd7 Re8 54.Nf8 Bd4 55.Rxd4 Re1+ 56.Ka2 Kxd4 57.c8=Q d1=Q 58.Qd7+ Kc3 59.Qc6+ Kd3 60.Qd5+ Kc3 61.Qc5+ Kd3 62.Qd6+ Kc3 63.Qb4+ Kd3 64.Qxb5+ Ke4 65.Qc4+ Ke3 66.Qc3+ Ke4 67.Qxe1+ Qxe1 68.g8=Q Qd2+ 69.Kb3 Qd3+ 70.Kb4 Qd6+ 71.Kb5 Qxa3 72.Qg4+ Ke5 73.Nd7+ Kd6 74.Qd4+ Ke6 75.Nc5+ Kf5 76.Qe4+ Kg5 1/2-1/2

[Event "FIDE Grand Swiss 2023"]
[Site "Villa Marina, Douglas, Isle of Man"]
[Date "2023.11.04"]
[Round "10.29"]
[White "Murzin, Volodar"]
[Black "Bluebaum, Matthias"]
[Result "1/2-1/2"]
[WhiteElo "2633"]
[BlackElo "2668"]
[EventDate "2023.10.25"]
[ECO "D38"]
[PlyCount "83"]
[BlackFideId "24651516"]
[TimeControl "40/100 + 20/50 + 15 + 30s/move"]
[WhiteFideId "44155573"]

1.d4 Nf6 2.c4 e6 3.Nf3 d5 4.Nc3 Bb4 5.Bg5 O-O 6.e3 c5 7.cxd5 exd5 8.Be2 h6 9.Bxf6 Qxf6 10.O-O Bxc3 11.bxc3 Be6 12.Ne5 Qe7 13.Rb1 b6 14.Bf3 Nd7 15.c4 Nxe5 16.dxe5 Bf5 17.Rc1 Be4 18.Bxe4 dxe4 19.Qd5 Rfe8 20.Qxe4 Qxe5 21.Qxe5 Rxe5 22.Rfd1 a6 23.a4 Rb8 24.Rb1 Re4 25.Rdc1 b5 26.f3 Rxe3 27.cxb5 axb5 28.Rxc5 b4 29.Rb5 Ra8 30.R5xb4 Kh7 31.Ra1 Re2 32.Kf1 Rd2 33.Re4 Ra5 34.Re2 Rd4 35.Rea2 f5 36.g3 g5 37.Kf2 f4 38.gxf4 Rxf4 39.Ra3 Rh4 40.Kg3 Kg6 41.R1a2 Kh5 42.Ra1 1/2-1/2

[Event "FIDE Grand Swiss 2023"]
[Site "Villa Marina, Douglas, Isle of Man"]
[Date "2023.11.04"]
[Round "10.30"]
[White "Volokitin, Andrei"]
[Black "L'ami, Erwin"]
[Result "1-0"]
[WhiteElo "2664"]
[BlackElo "2627"]
[EventDate "2023.10.25"]
[ECO "C50"]
[PlyCount "97"]
[BlackClock "00:28:51"]
[BlackFideId "1007998"]
[TimeControl "40/100 + 20/50 + 15 + 30s/move"]
[WhiteClock "00:24:36"]
[WhiteFideId "14107090"]

1.e4 e5 2.Nf3 Nc6 3.Bc4 Bc5 4.O-O Nf6 5.d3 h6 6.c3 d6 7.Re1 O-O 8.h3 a6 9.a4 Ba7 10.Nbd2 Re8 11.b4 Be6 12.Bxe6 Rxe6 13.Qc2 Ne7 14.d4 Ng6 15.d5 Re8 16.c4 a5 17.bxa5 Nd7 18.Nb3 Nc5 19.Be3 Nxb3 20.Qxb3 Bxe3 21.Rxe3 Nf8 22.Qxb7 Rb8 23.Qc6 Nd7 24.Nd2 Nc5 25.Raa3 Qc8 26.Reb3 Nxb3 27.Rxb3 Rf8 28.a6 Rxb3 ( 
28...Rb6 29.Rb4 Rxb4 30.Nb3 ) 29.Nxb3 f5 30.a7 fxe4 31.Nd2 Qa8 32.Qxc7 Rf7 33.Qb8+ Rf8 34.Qc7 Rf7 35.Qb8+ Rf8 36.Qxa8 Rxa8 37.Nxe4 Rxa7 38.Nxd6 Rc7 39.a5 Kf8 40.a6 Ra7 41.c5 Rxa6 42.c6 Ra1+ 43.Kh2 Rc1 44.Kg3 Rc3+ 45.Kg4 g6 46.Nb5 Rc2 47.c7 Ke7 48.d6+ Kd7 49.Na7 1-0

[Event "FIDE Grand Swiss 2023"]
[Site "Villa Marina, Douglas, Isle of Man"]
[Date "2023.11.04"]
[Round "10.31"]
[White "Jumabayev, Rinat"]
[Black "Pichot, Alan"]
[Result "1/2-1/2"]
[WhiteElo "2585"]
[BlackElo "2650"]
[EventDate "2023.10.25"]
[ECO "C54"]
[PlyCount "90"]
[BlackClock "00:31:34"]
[BlackFideId "110973"]
[TimeControl "40/100 + 20/50 + 15 + 30s/move"]
[WhiteClock "00:26:50"]
[WhiteFideId "13702661"]

1.e4 e5 2.Nf3 Nc6 3.Bc4 Bc5 4.d3 Nf6 5.c3 d6 6.Bg5 h6 7.Bh4 a6 8.a4 Ba7 9.Nbd2 Qe7 10.b4 Be6 11.O-O g5 12.Bg3 O-O 13.Re1 Bxc4 14.Nxc4 Qe6 15.Ne3 Ne7 16.Qc2 Bxe3 17.Rxe3 Nh5 18.d4 f6 19.Rd1 Ng6 20.c4 Ng7 21.h3 h5 22.c5 h4 23.Bh2 g4 24.d5 Qd7 25.Nd2 Rf7 26.hxg4 Qxg4 27.Nc4 Nh5 28.Rf3 Ngf4 29.Ne3 Qg6 30.Kh1 Rh7 31.g3 hxg3 32.fxg3 Nh3 33.Nf5 Qg4 34.Rdf1 Ng5 35.Re3 Kh8 36.Qe2 Qxe2 37.Rxe2 a5 38.cxd6 axb4 39.Kg2 cxd6 40.Nxd6 Rxa4 41.g4 Ra6 42.Nc4 Nf4+ 43.Bxf4 exf4 44.Rxf4 b3 45.e5 Ra2 1/2-1/2

[Event "FIDE Grand Swiss 2023"]
[Site "Villa Marina, Douglas, Isle of Man"]
[Date "2023.11.04"]
[Round "10.32"]
[White "Tari, Aryan"]
[Black "Ponomariov, Ruslan"]
[Result "1/2-1/2"]
[WhiteElo "2619"]
[BlackElo "2641"]
[EventDate "2023.10.25"]
[ECO "C58"]
[PlyCount "96"]
[BlackFideId "14103320"]
[TimeControl "40/100 + 20/50 + 15 + 30s/move"]
[WhiteFideId "1510045"]

1.e4 e5 2.Nf3 Nc6 3.Bc4 Nf6 4.Ng5 d5 5.exd5 Na5 6.Bb5+ c6 7.dxc6 bxc6 8.Bd3 Nd5 9.h4 g6 10.Nc3 h6 11.Nxd5 cxd5 12.Bb5+ Bd7 13.Bxd7+ Qxd7 14.Nf3 Bg7 15.d4 exd4 16.O-O O-O 17.Nxd4 Rfe8 18.c3 Nc4 19.Qd3 Qg4 20.Nf3 Rad8 21.b3 Ne5 22.Nxe5 Rxe5 23.g3 Qe2 24.Qxe2 Rxe2 25.Be3 Bxc3 26.Rad1 d4 27.Rd3 Rxa2 28.Rfd1 Rb8 29.Bxd4 Bxd4 30.Rxd4 Rxb3 31.Rf4 Rb7 32.Rd6 h5 33.Kg2 a6 34.g4 hxg4 35.Rxg4 Kf8 36.Rd8+ Ke7 37.Ra8 Kd6 38.Rf4 Ke5 39.Rf3 a5 40.Re8+ Kd5 41.Rf8 Ra4 42.R3xf7 Rxf7 43.Rxf7 Rxh4 44.Rg7 Rg4+ 45.Kh3 Rg1 46.Kh2 Rg5 47.f4 Rg4 48.Ra7 Rxf4 1/2-1/2

[Event "FIDE Grand Swiss 2023"]
[Site "Villa Marina, Douglas, Isle of Man"]
[Date "2023.11.04"]
[Round "10.33"]
[White "Sadhwani, Raunak"]
[Black "Suleymanli, Aydin"]
[Result "1/2-1/2"]
[WhiteElo "2641"]
[BlackElo "2588"]
[EventDate "2023.10.25"]
[ECO "C77"]
[PlyCount "69"]
[BlackFideId "13413937"]
[TimeControl "40/100 + 20/50 + 15 + 30s/move"]
[WhiteFideId "35093487"]

1.e4 e5 2.Nf3 Nc6 3.Bb5 a6 4.Ba4 Nf6 5.d3 b5 6.Bb3 Bc5 7.c3 d6 8.O-O h6 9.Re1 O-O 10.a4 Bb7 11.Nbd2 Ne7 12.Nf1 Ng6 13.Ng3 d5 14.d4 exd4 15.e5 Ne4 16.cxd4 Bb4 17.Re2 c5 18.Bc2 Re8 19.Be3 cxd4 20.Bxd4 Nf4 21.Re3 Ne6 22.Nxe4 dxe4 23.Bxe4 Bxe4 24.Rxe4 Qd5 25.Qe2 Rac8 26.Bb6 Bf8 27.a5 Rc4 28.Rxc4 bxc4 29.Rc1 Rc8 30.Rd1 Qb5 31.Nh4 g6 32.g3 Bc5 33.Rd2 Bxb6 34.axb6 Qxb6 35.Rd6 1/2-1/2

[Event "FIDE Grand Swiss 2023"]
[Site "Villa Marina, Douglas, Isle of Man"]
[Date "2023.11.04"]
[Round "10.34"]
[White "Zhalmakhanov, Ramazan"]
[Black "Martirosyan, Haik M."]
[Result "1/2-1/2"]
[WhiteElo "2447"]
[BlackElo "2696"]
[EventDate "2023.10.25"]
[ECO "C67"]
[PlyCount "30"]
[BlackFideId "13306553"]
[TimeControl "40/100 + 20/50 + 15 + 30s/move"]
[WhiteFideId "13706357"]

1.e4 e5 2.Nf3 Nc6 3.Bb5 Nf6 4.O-O Nxe4 5.d4 Nd6 6.dxe5 Nxb5 7.a4 Nbd4 8.Nxd4 d5 9.exd6 Nxd4 10.Qxd4 Qxd6 11.Qe4+ Qe6 12.Qd4 Qd6 13.Qe4+ Qe6 14.Qd4 Qd6 15.Qe4+ Qe6 1/2-1/2

[Event "FIDE Grand Swiss 2023"]
[Site "Villa Marina, Douglas, Isle of Man"]
[Date "2023.11.04"]
[Round "10.35"]
[White "Xiong, Jeffery"]
[Black "Durarbayli, Vasif"]
[Result "1/2-1/2"]
[WhiteElo "2693"]
[BlackElo "2625"]
[EventDate "2023.10.25"]
[ECO "C45"]
[PlyCount "60"]
[BlackClock "00:20:03"]
[BlackFideId "13402935"]
[TimeControl "40/100 + 20/50 + 15 + 30s/move"]
[WhiteClock "00:44:29"]
[WhiteFideId "2047640"]

1.e4 e5 2.Nf3 Nc6 3.d4 exd4 4.Nxd4 Bc5 5.Nb3 Bb6 6.Nc3 Nf6 7.Bg5 O-O 8.Bh4 Re8 9.Be2 h6 10.O-O a5 11.a4 g5 12.Bg3 Nxe4 13.Nxe4 Rxe4 14.Kh1 d6 15.Nd2 Re7 16.f4 Nd4 17.Bd3 Bf5 18.Qh5 Bxd3 19.cxd3 f5 20.Rae1 Qe8 21.Qxh6 Ne2 22.Rxe2 Rxe2 23.Qxg5+ Kf8 24.Qf6+ Qf7 25.Qh8+ Qg8 26.Qf6+ Qf7 27.Qh8+ Qg8 28.Qf6+ Qf7 29.Qh8+ Qg8 30.Qf6+ Qf7 1/2-1/2

[Event "FIDE Grand Swiss 2023"]
[Site "Villa Marina, Douglas, Isle of Man"]
[Date "2023.11.04"]
[Round "10.36"]
[White "Theodorou, Nikolas"]
[Black "Grandelius, Nils"]
[Result "1/2-1/2"]
[WhiteElo "2619"]
[BlackElo "2689"]
[EventDate "2023.10.25"]
[ECO "A07"]
[PlyCount "60"]
[BlackClock "00:16:56"]
[BlackFideId "1710400"]
[TimeControl "40/100 + 20/50 + 15 + 30s/move"]
[WhiteClock "00:29:15"]
[WhiteFideId "4262875"]

1.Nf3 d5 2.g3 Nd7 3.d4 Nb6 4.Nc3 Bf5 5.Nh4 Bg4 6.h3 Bh5 7.Ng2 Nf6 8.Nf4 Bg6 9.Nxg6 hxg6 10.Qd3 e6 11.Bg2 c5 12.dxc5 Bxc5 13.O-O O-O 14.e4 d4 15.Ne2 e5 16.Bg5 Be7 17.c3 dxc3 18.Qxd8 Rfxd8 19.Nxc3 Rac8 20.Rac1 Nfd5 21.Nxd5 Bxg5 22.Rxc8 Rxc8 23.Rd1 Rc1 24.Rxc1 Bxc1 25.Nxb6 axb6 26.b4 b5 27.Bf1 Ba3 28.Bxb5 Bxb4 29.Bc4 b6 30.h4 Kf8 1/2-1/2

[Event "FIDE Grand Swiss 2023"]
[Site "Villa Marina, Douglas, Isle of Man"]
[Date "2023.11.04"]
[Round "10.37"]
[White "Akobian, Varuzhan"]
[Black "Amin, Bassem"]
[Result "0-1"]
[WhiteElo "2582"]
[BlackElo "2680"]
[EventDate "2023.10.25"]
[ECO "E90"]
[PlyCount "74"]
[BlackClock "00:16:45"]
[BlackFideId "10601457"]
[TimeControl "40/100 + 20/50 + 15 + 30s/move"]
[WhiteClock "00:00:36"]
[WhiteFideId "13300580"]

1.d4 Nf6 2.c4 g6 3.Nc3 Bg7 4.e4 d6 5.Nf3 O-O 6.h3 e5 7.d5 Nh5 8.g3 f5 9.exf5 gxf5 10.Ng5 Qe8 11.Bg2 Nf6 12.g4 e4 13.Be3 Na6 14.Qd2 h6 15.Ne6 Bxe6 16.dxe6 Qxe6 17.Bxh6 Nc5 18.O-O-O Rf7 19.gxf5 Qxf5 20.Be3 Re8 21.Bf1 Nfd7 22.Be2 Ne5 23.Bxc5 dxc5 24.Rhg1 Kh7 25.Qc2 Nc6 26.Bg4 Qxf2 27.Qxf2 Rxf2 28.Rd7 Re7 29.Nxe4 Rxe4 30.Rxg7+ Kxg7 31.Bf3+ Kf6 32.Bxe4 Ne5 33.b3 Rxa2 34.Kb1 Rh2 35.Bxb7 Rxh3 36.Kc2 Nd3 37.Rg2 Ne1+ 0-1